 Dungeon Crawl Stone Soup version 0.20-a0-924-gfa95efa (webtiles) character file.

111878 polly the Peltast (level 16, -4/103 HPs)
             Began as a Gargoyle Fighter on Mar 28, 2017.
             Was the Champion of Okawaru.
             Slain by a small abomination (6 damage)
             ... while paralysed by an ancient lich
             ... on level 3 of the Abyss.
             The game lasted 00:44:54 (23097 turns).

polly the Peltast (Gargoyle Fighter)               Turns: 23097, Time: 00:44:54

Health: -4/103     AC: 32    Str: 24      XL:     16   Next: 59%
Magic:  6/14       EV:  2    Int:  7      God:    Okawaru [******]
Gold:   1018       SH:  0    Dex: 24 (25) Spells: 12/15 levels left

rFire    + . .     SeeInvis +   A - +3 whip (elec)
rCold    . . .     Gourm    .   G - +0 large shield
rNeg     + . .     Faith    .   O - +4 ring mail of the Saviour {rPois rCorr Dex+6 Slay+5}
rPois    ∞         Spirit   .   b - +0 helmet {SInv}
rElec    +         Reflect  +   d - +0 cloak {+Inv}
rCorr    +         Harm     .   Q - +2 pair of gloves "Guyfiant" {*Corrode rF+ Dex+4}
MR       ++...                  h - +2 pair of boots {run}
Stlth    ++++......             K - +4 amulet of reflection
Regen    0.3/turn               N - +6 ring of evasion
MPRegen  0.2/turn               l - ring of protection from magic

@: paralysed, agile, corroded, flying, quick
A: big wings, iridescent scales 1, molten scales 1, clumsy 1, deterioration 1,
dopey 1, low mp 1, negative energy resistance 1, electricity resistance,
unbreathing, petrification resistance, rot immunity, MP-powered wands, AC +11
a: Stop Flying, Heroism, Finesse, Renounce Religion, Evoke Invisibility


You were on level 3 of the Abyss.
You worshipped Okawaru.
Okawaru was exalted by your worship.
You were not hungry.

You visited 6 branches of the dungeon, and saw 26 of its levels.
You visited the Abyss 1 time.

You collected 2294 gold pieces.
You spent 1276 gold pieces at shops.

Inventory:

Hand Weapons
 A - a +3 whip of electrocution (weapon)
 P - the +9 hand crossbow "Ogreslayer" {freeze, rPois Dex+2}
   (Okawaru gifted it to you on level 14 of the Dungeon)

   It causes projectiles fired from it to freeze those they strike, causing
   extra injury to most foes and up to half again as much damage against
   particularly susceptible opponents.
   They can also slow down cold-blooded creatures.
   It affects your dexterity (+2).
   It protects you from poison.
Missiles
 I - a throwing net (quivered)
Armour
 b - a +0 helmet of see invisible (worn)
 d - a +0 cloak of invisibility (worn)
 h - a +2 pair of boots of running (worn)
 G - a +0 large shield (worn)
 H - the +2 pair of gloves of Absence {rN++ rCorr Int-3 Dex+4}
   (You bought it in a shop on level 10 of the Dungeon)

   It affects your intelligence (-3).
   It affects your dexterity (+4).
   It greatly protects you from negative energy.
   It protects you from acid and corrosion.
 O - the +4 ring mail of the Saviour (worn) {rPois rCorr Dex+6 Slay+5}
   (You bought it in a shop on level 8 of the Dungeon)

   It affects your dexterity (+6).
   It affects your accuracy and damage with ranged weapons and melee attacks
   (+5).
   It protects you from poison.
   It protects you from acid and corrosion.
 Q - the +2 pair of gloves "Guyfiant" (worn) {*Corrode rF+ Dex+4}
   (You found it on level 1 of the Elven Halls)

   It affects your dexterity (+4).
   It protects you from fire.
   It may corrode you when you take damage.
Jewellery
 l - a ring of protection from magic (right hand)
 x - an uncursed ring of see invisible
 K - a +4 amulet of reflection (around neck)
 N - a +6 ring of evasion (left hand)
Wands
 p - a wand of disintegration (12/24)
 s - a wand of lightning (7/15)
 w - a wand of scattershot (4/9)
 y - a wand of paralysis (5/24)
 B - a wand of clouds (2/9)
Scrolls
 e - 3 scrolls of enchant armour
 i - 5 scrolls of magic mapping
 j - 5 scrolls of remove curse
 q - 5 scrolls of fear
 r - 5 scrolls of amnesia
 z - 3 scrolls of fog
 E - 4 scrolls of teleportation
 F - 7 scrolls of recharging
 L - a scroll of holy word {unknown}
 M - 3 scrolls of blinking {unknown}
 T - 2 scrolls of silence {unknown}
 X - a scroll of acquirement {unknown}
Potions
 a - 2 potions of might
 c - 2 potions of ambrosia {unknown}
 g - 4 potions of haste
 k - 4 potions of brilliance
 n - a potion of mutation
 u - 2 potions of magic
 C - 4 potions of resistance
 D - 2 potions of curing
 J - 2 potions of agility
 S - a potion of berserk rage
 U - 4 potions of heal wounds {unknown}
Books
 m - a book of Cantrips

   Spells                             Type                      Level
   a - Confusing Touch                Hexes                        1
   b - Animate Skeleton               Necromancy                   1
   c - Summon Small Mammal            Summoning                    1
   d - Apportation                    Translocation                1
 R - a book of Beasts

   Spells                             Type                      Level
   a - Summon Butterflies             Summoning                    1
   b - Call Canine Familiar           Summoning                    3
   c - Summon Ice Beast               Ice/Summoning                4
   d - Summon Mana Viper              Hexes/Summoning              5
   e - Summon Hydra                   Summoning                    7
 W - the Collected Works on Unholy Arts
   (You found it on level 1 of the Elven Halls)

   Spells                             Type                      Level
   a - Pain                           Necromancy                   1
   b - Sublimation of Blood           Necromancy                   2
   c - Simulacrum                     Ice/Necromancy               6
   d - Death Channel                  Necromancy                   6
Miscellaneous
 v - a sack of spiders
 V - a lightning rod (4/4)
Comestibles
 f - 16 bread rations
 o - 13 royal jellies
 t - 8 meat rations
 Y - 2 fruits


   Skills:
 + Level 12.5 Fighting
 + Level 14.2 Maces & Flails
 + Level 10.2 Armour
 + Level 7.1 Dodging
 - Level 4.0 Stealth
 + Level 19.8 Shields
 + Level 0.2 Invocations
 + Level 0.6 Evocations


You had 12 spell levels left.
You knew the following spells:

 Your Spells              Type           Power        Failure   Level  Hunger
a - Regeneration          Chrm/Necr      #.........   100%        3    ####...


Dungeon Overview and Level Annotations

Branches:
Dungeon (15/15)            Temple (1/1) D:5            Lair (6/6) D:9
  Swamp (0/4) Lair:4       Spider (1/4) Lair:2        Slime (0/5) Lair:5
    Orc (2/2) D:10            Elf (1/3) Orc:2        Vaults (0/5) D:14
 Depths (0/5) D:15

Altars:
Ashenzari
Cheibriados
Dithmenos
Elyvilon
Fedhas
Gozag
Hepliaklqana
Kikubaaqudgha
Makhleb
Nemelex Xobeh
Okawaru
Qazlal
Ru
Sif Muna
Trog
Uskayaw
Vehumet
Wu Jian
Xom
Yredelemnul
Zin
The Shining One
Beogh
Jiyva

Shops:
D:4 *   D:5 (   D:8 [   D:10 [[   D:11 [   D:12 %   Orc:2 [!}*

Portals:
Pandemonium: Orc:2

Annotations:
D:10 Sonja


Innate Abilities, Weirdness & Mutations

You are resistant to torment.
Your stone body is resilient. (AC +11)
You are immune to poison.
Your large and strong wings let you fly indefinitely.
You resist negative energy. (rN+)
You are resistant to electric shocks. (rElec)
You can survive without breathing.
You are immune to petrification.
You are immune to rotting.
You are partially covered in iridescent scales. (AC +2)
You are partially covered in molten scales. (AC +2)
You are clumsy. (Dex -2)
Your body sometimes deteriorates upon taking damage.
You are dopey. (Int -2)
Your magical capacity is low. (-10% MP)
You expend magic power (3 MP) to strengthen your wands.


Message History

The large abomination is engulfed in a cloud of scalding steam.
The ancient lich casts a spell at you.
You suddenly lose the ability to move!
The small abomination is engulfed in a cloud of scalding steam.
The small abomination hits you but does no damage.
The ancient lich gestures at you while chanting.
You shrug off the repeated paralysis!
The ufetubus is engulfed in a cloud of scalding steam.
The ufetubus dies!
The large abomination hits you!
Your corrosive artefact corrodes you!
The wraith hits you but does no damage. The small abomination hits you!
The large abomination hits you!!
* * * LOW HITPOINT WARNING * * *
The ancient lich touches you.
* * * LOW HITPOINT WARNING * * *
The wraith is engulfed in a cloud of scalding steam.
The wraith hits you but does no damage. The large abomination hits you!
* * * LOW HITPOINT WARNING * * *
The small abomination hits you.
You die...

# ... ........
##..(..........
##......v.......
#...............
...............
..Z......#......
.......X........
.....$.XL...X..
......x@W....#..
§§≈≈≈≈.X3≈...#
§#########≈..§≈#.#
..≈ ≈ ≈≈≈ ≈##≈...#
.
≈§.......≈≈##≈..#
.. ≈ . . . . #≈§#
Z .§# # .v§§≈≈# .
#


YY.. .Y ≈≈§# ≈ .# ..'.YYY ≈≈# You could see an ancient lich, a spatial vortex, 4
large abominations, a smoke demon, a wraith, a small abomination and a snapping
turtle simulacrum.

Vanquished Creatures
  Frances (D:14)
  Gastronok (D:12)
  Donald (Elf:1)
  A fire giant (D:15)
  A dire elephant (Lair:6)
  The ghost of w00t the Cleaver, a journeyman DsFi of Ashenzari (Lair:2)
  A deep elf death mage (Elf:1)
  Josephine (D:13)
  A green death (Abyss:3)
  Snorg (D:14)
  An ettin (Orc:2)
  Erolcha (D:13)
  5 hydras
  A merfolk avatar (Lair:6)
  2 centaur warriors
  3 tengu warriors
  11 two-headed ogres
  8 orc high priests (Orc:2)
  3 dancing weapons (Elf:1)
  2 death yaks (Lair:6)
  3 deep elf knights (Elf:1)
  A sixfirhy (Orc:2)
  An infernal demonspawn (Orc:2)
  2 wizards (D:14)
  2 spatial maelstroms (Abyss:3)
  2 torturous demonspawn (Orc:2)
  2 sea snakes (Lair:6)
  A deep elf archer (Orc:2)
  5 large abominations (Elf:1)
  6 orc knights
  A harpy (Lair:6)
  Pikel (D:3)
  3 necromancers (Elf:1)
  2 oklob plants (Lair:2)
  15 ugly things
  2 cyclopes (Orc:1)
  4 orc sorcerers (Orc:2)
  11 deep elf magi
  7 elephants (Lair:6)
  3 centaur zombies
  2 manticores
  A rust devil (Orc:2)
  7 spiny frogs
  5 black mambas
  An orange demon (Abyss:3)
  A torpor snail (Lair:6)
  A demonic crawler (Lair:2)
  An efreet (D:13)
  A hellwing (Orc:2)
  13 komodo dragons
  The ghost of tarabluh the Destroyer, a novice DECj of Sif Muna (D:6)
  A red devil (Orc:2)
  8 trolls
  5 polar bears (Lair:6)
  3 hornets
  A wind drake (Lair:6)
  8 hippogriffs
  3 blink frogs (Lair:5)
  52 yaks
  6 wraiths (D:13)
  2 wyverns
  A vampire (D:14)
  A ynoxinul (Orc:2)
  4 water elementals
  A fire elemental (Elf:1)
  A human (D:8)
  3 hogs (D:8)
  3 basilisks
  A chaos spawn (Orc:2)
  A hungry ghost (D:13)
  A neqoxec (Abyss:3)
  9 vampire mosquitoes
  Menkaure (D:4)
  2 acid dragons
  2 soldier ants
  2 spatial vortices (Abyss:3)
  Duvessa (D:6)
  10 water moccasins
  37 orc warriors
  10 porcupines
  2 sky beasts
  A hornet zombie (D:15)
  5 black bears
  6 ice beasts
  A phantom (D:11)
  A necrophage (D:14)
  5 boggarts (D:15)
  15 centaurs
  7 wolves
  7 ogres
  15 crocodiles
  The ghost of polly the Conjurer, an amateur OpCj (D:3)
  2 big kobolds
  4 elf zombies (Elf:1)
  16 bullfrogs
  Dowan (D:6)
  8 scorpions
  A wyvern skeleton (D:13)
  6 howler monkeys
  9 wights
  6 electric eels
  6 crimson imps
  2 bullfrog zombies (D:12)
  5 starcursed masses (Abyss:3)
  31 orc priests
  7 hounds
  4 centaur skeletons
  6 jellies
  28 orc wizards
  4 bullfrog skeletons
  A quasit (D:11)
  6 iguanas
  12 worker ants
  A worker ant zombie (D:7)
  A howler monkey zombie (D:9)
  7 gnolls
  A howler monkey skeleton (D:9)
  17 adders
  3 shadow imps
  An ooze (D:3)
  4 adder skeletons
  An adder zombie (D:10)
  7 worms
  12 dart slugs
  13 leopard geckos
  94 orcs
  A ball python (D:3)
  5 giant cockroaches
  8 goblins
  3 hobgoblins
  4 jackals
  5 quokkas
  6 bats
  11 frilled lizards
  19 kobolds
  A leopard gecko skeleton (D:4)
  A quokka skeleton (D:4)
  9 rats
801 creatures vanquished.

Vanquished Creatures (others)
  A deep elf archer (Elf:1)
  A cyclops (D:15)
  An ogre (D:7)
  A centaur (D:15)
  An orc wizard (D:4)
  An ufetubus (Abyss:3)
  3 orcs
  6 fungi (Lair:6)
  8 plants
23 creatures vanquished.

Grand Total: 824 creatures vanquished

Notes
Turn   | Place    | Note
-------+----------+-------------------------------------------
     0 | D:1      | polly the Gargoyle Fighter began the quest for the Orb.
     0 | D:1      | Reached XP level 1. HP: 14/14 MP: 1/1
   102 | D:1      | Reached XP level 2. HP: 14/19 MP: 2/2
   498 | D:1      | Reached XP level 3. HP: 17/23 MP: 3/3
  1034 | D:2      | Reached XP level 4. HP: 26/28 MP: 4/4
  1399 | D:2      | Reached skill level 1 in Dodging
  1408 | D:2      | Reached skill level 4 in Shields
  1408 | D:2      | Reached XP level 5. HP: 23/33 MP: 5/5
  1541 | D:3      | Noticed polly's ghost (amateur OpCj)
  1546 | D:3      | Noticed a centaur
  1559 | D:3      | Killed polly's ghost
  1567 | D:3      | Killed a centaur
  1567 | D:3      | Reached XP level 6. HP: 24/38 MP: 6/6
  2052 | D:3      | Found an opulent altar of Gozag.
  2059 | D:3      | Found a hazy altar of Hepliaklqana.
  2060 | D:3      | Found a shimmering altar of Xom.
  2061 | D:3      | Found a shattered altar of Ashenzari.
  2181 | D:4      | Found Ugynkor's General Store.
  2251 | D:4      | Noticed a slave
  2251 | D:4      | Noticed a slave
  2252 | D:4      | Noticed a slave
  2252 | D:4      | Noticed Pikel
  2253 | D:4      | Noticed a slave
  2253 | D:4      | Noticed Menkaure
  2258 | D:4      | Paralysed by Pikel for 4 turns
  2274 | D:3      | Killed Pikel
  2274 | D:3      | Reached skill level 5 in Maces & Flails
  2274 | D:3      | Reached skill level 5 in Shields
  2274 | D:3      | Reached XP level 7. HP: 15/44 MP: 7/7
  2485 | D:4      | Killed Menkaure
  2628 | D:4      | Gained mutation: You are partially covered in molten scales. (AC +2) [potion of mutation]
  2628 | D:4      | Gained mutation: Your body sometimes deteriorates upon taking damage. [potion of mutation]
  2628 | D:4      | Gained mutation: You expend magic power (3 MP) to strengthen your wands. [potion of mutation]
  2628 | D:4      | Gained mutation: You are partially covered in iridescent scales. (AC +2) [potion of mutation]
  2634 | D:4      | Reached XP level 8. HP: 7/48 MP: 8/8
  2636 | D:4      | Reached skill level 5 in Armour
  3193 | D:4      | Reached skill level 1 in Stealth
  3325 | D:5      | Entered Level 5 of the Dungeon
  3481 | D:5      | Reached skill level 6 in Shields
  3585 | D:5      | Found a staircase to the Ecumenical Temple.
  3602 | Temple   | Entered the Ecumenical Temple
  3684 | Temple   | Became a worshipper of Warmaster Okawaru
  3815 | D:5      | Reached skill level 5 in Fighting
  3880 | D:5      | Found Xaymaughet's Antique Weapon Shop.
  4261 | D:6      | Found a basalt altar of Yredelemnul.
  4267 | D:6      | Noticed tarabluh's ghost (novice DECj)
  4293 | D:6      | Killed tarabluh's ghost
  4293 | D:6      | Reached * piety under Okawaru
  4293 | D:6      | Reached XP level 9. HP: 34/54 MP: 9/9
  4462 | D:6      | Noticed Duvessa
  4463 | D:6      | Noticed Dowan
  4474 | D:6      | Killed Dowan
  4474 | D:6      | Reached skill level 7 in Shields
  4491 | D:6      | Killed Duvessa
  5319 | D:7      | You fall through a shaft!
  5363 | D:8      | Reached ** piety under Okawaru
  5870 | D:7      | Found a radiant altar of Vehumet.
  5878 | D:7      | Reached skill level 8 in Shields
  5959 | D:7      | Found an ancient bone altar of Kikubaaqudgha.
  5959 | D:7      | Found a snail-covered altar of Cheibriados.
  5973 | D:7      | Reached XP level 10. HP: 60/60 MP: 10/10
  6078 | D:7      | Found a blossoming altar of Fedhas.
  6546 | D:8      | Reached *** piety under Okawaru
  6599 | D:8      | You fall through a shaft!
  6839 | D:8      | Found Tennuam's Antique Armour Shop.
  6993 | D:8      | Bought a pitted ring mail for 252 gold pieces
  7016 | D:8      | Identified the +4 ring mail of the Saviour {rPois rCorr Dex+6 Slay+5} (You bought it in a shop on level 8 of the Dungeon)
  7069 | D:9      | Reached **** piety under Okawaru
  7075 | D:9      | Reached skill level 9 in Shields
  7110 | D:8      | Reached skill level 5 in Dodging
  7246 | D:9      | Found a staircase to the Lair.
  7384 | D:9      | Noticed a two-headed ogre
  7399 | D:9      | Killed a two-headed ogre
  7399 | D:9      | Reached ***** piety under Okawaru
  7399 | D:9      | Reached XP level 11. HP: 31/66 MP: 11/11
  7582 | D:9      | Learned a level 3 spell: Regeneration
  7653 | D:9      | Found a shadowy altar of Dithmenos.
  7903 | D:9      | Received a gift from Okawaru
  7945 | D:9      | Reached skill level 10 in Shields
  8174 | D:10     | Entered Level 10 of the Dungeon
  8298 | D:10     | Found Vuqugrei's Antique Armour Shoppe.
  8304 | D:10     | Noticed a two-headed ogre
  8313 | D:10     | Killed a two-headed ogre
  8327 | D:10     | Found a staircase to the Orcish Mines.
  8390 | D:10     | Reached skill level 10 in Maces & Flails
  8606 | D:10     | Found Onat's Antique Armour Shop.
  8614 | D:10     | Noticed Sonja
  8898 | D:11     | Received a gift from Okawaru
  8903 | D:11     | Got an iridescent flail {god gift}
  8904 | D:11     | Identified the +6 flail "Wuexzaod" {drain, rN+} (Okawaru gifted it to you on level 11 of the Dungeon)
  9068 | D:11     | Noticed a five-headed hydra
  9079 | D:11     | Killed a five-headed hydra
  9079 | D:11     | Reached skill level 11 in Shields
  9250 | D:11     | Found a hide-covered altar of Uskayaw.
  9345 | D:11     | Noticed a two-headed ogre
  9353 | D:11     | Killed a two-headed ogre
  9500 | D:11     | Found Yfawil's Armour Emporium.
  9620 | D:12     | Found Mog Tucw's Food Boutique.
  9658 | D:12     | Noticed Gastronok
  9677 | D:12     | Killed Gastronok
  9677 | D:12     | Reached XP level 12. HP: 52/72 MP: 12/12
  9945 | D:10     | Bought a pair of shimmering gloves for 266 gold pieces
  9950 | D:10     | Identified the +2 pair of gloves of Absence {rN++ rCorr Int-3 Dex+4} (You bought it in a shop on level 10 of the Dungeon)
 10056 | D:12     | Reached skill level 12 in Shields
 10219 | D:12     | Noticed a two-headed ogre
 10230 | D:12     | Killed a two-headed ogre
 10230 | D:12     | Received a gift from Okawaru
 10802 | D:13     | Reached ****** piety under Okawaru
 11048 | D:13     | Noticed a tengu warrior
 11049 | D:13     | Noticed a two-headed ogre
 11057 | D:13     | Killed a two-headed ogre
 11075 | D:13     | Killed a tengu warrior
 11075 | D:13     | Reached skill level 13 in Shields
 11103 | D:13     | Received a gift from Okawaru
 11116 | D:13     | Got a distressingly furry scale mail {god gift}
 11150 | D:13     | Identified the +9 scale mail "Viutimum" {rN+ Int+4} (Okawaru gifted it to you on level 13 of the Dungeon)
 11168 | D:13     | Noticed a two-headed ogre
 11178 | D:13     | Killed a two-headed ogre
 11208 | D:13     | Reached XP level 13. HP: 79/79 MP: 13/13
 11478 | D:13     | Reached skill level 14 in Shields
 11548 | D:13     | Noticed Josephine
 11583 | D:13     | Killed Josephine
 11655 | D:13     | Noticed Erolcha
 11664 | D:13     | Killed Erolcha
 12176 | D:14     | Received a gift from Okawaru
 12179 | D:14     | Got a slimy hand crossbow {god gift}
 12182 | D:14     | Identified the +9 hand crossbow "Ogreslayer" {freeze, rPois Dex+2} (Okawaru gifted it to you on level 14 of the Dungeon)
 12197 | D:14     | Found a gate to the Vaults.
 12210 | D:14     | Noticed Frances
 12225 | D:14     | Killed Frances
 12225 | D:14     | Reached skill level 10 in Fighting
 12423 | D:14     | Reached skill level 15 in Shields
 12433 | D:14     | Received a gift from Okawaru
 12591 | D:14     | Gained mutation: Your large and strong wings let you fly indefinitely. [Gargoyle growth]
 12591 | D:14     | Reached XP level 14. HP: 88/88 MP: 14/14
 12777 | D:14     | Noticed Snorg
 12797 | D:14     | Killed Snorg
 13194 | D:15     | Entered Level 15 of the Dungeon
 13272 | D:15     | Received a gift from Okawaru
 13283 | D:15     | Got an ancient hand crossbow {god gift}
 13311 | D:15     | Identified the +5 hand crossbow "Jaoquut" {speed, *Contam rElec rC- Dex+8} (Okawaru gifted it to you on level 15 of the Dungeon)
 13312 | D:15     | Gained mutation: Your magical capacity is low. (-10% MP) [mutagenic glow]
 13324 | D:15     | Found a staircase to the Depths.
 13324 | D:15     | Noticed a fire giant
 13654 | D:15     | Killed a fire giant
 13788 | D:15     | Reached skill level 16 in Shields
 14548 | Orc:1    | Entered Level 1 of the Orcish Mines
 14654 | Orc:1    | Found a roughly hewn altar of Beogh.
 14679 | Orc:1    | Found a roughly hewn altar of Beogh.
 14885 | Orc:2    | Entered Level 2 of the Orcish Mines
 14910 | Orc:2    | Received a gift from Okawaru
 15062 | Orc:2    | Found a staircase to the Elven Halls.
 15165 | Orc:2    | Found Duleynki's Distillery.
 15172 | Orc:2    | Found Wetahan's General Store.
 15638 | Orc:1    | Found a roughly hewn altar of Beogh.
 16221 | Orc:2    | Reached skill level 17 in Shields
 16541 | Orc:2    | Received a gift from Okawaru
 16575 | Orc:2    | Gained mutation: You are clumsy. (Dex -2) [a neqoxec]
 16576 | Orc:2    | Reached XP level 15. HP: 38/94 MP: 13/13
 16598 | Orc:2    | Reached skill level 10 in Armour
 16951 | Orc:2    | Found Goikuonn's Gadget Shop.
 16951 | Orc:2    | Found Alumemiz's Antique Armour Boutique.
 16951 | Orc:2    | Found a one-way gate leading to the halls of Pandemonium.
 16955 | Orc:2    | Bought a pair of pitted boots for 218 gold pieces
 17025 | D:10     | Bought a glowing cloak for 270 gold pieces
 17031 | D:10     | Identified the +2 pair of boots "Gulyf" {rC- Dex+2 SInv} (You bought it in a shop on level 2 of the Orcish Mines)
 17043 | D:10     | Bought a pair of runed boots for 270 gold pieces
 17053 | D:10     | Identified a +2 pair of boots of running (You bought it in a shop on level 10 of the Dungeon)
 17094 | Lair:1   | Entered Level 1 of the Lair of Beasts
 17354 | Lair:1   | Reached skill level 18 in Shields
 17812 | Lair:2   | Found a hole to the Spider Nest.
 18475 | Lair:2   | Noticed w00t's ghost (journeyman DsFi)
 18491 | Lair:2   | Killed w00t's ghost
 18630 | Spider:1 | Entered Level 1 of the Spider Nest
 19285 | Lair:4   | Found a staircase to the Swamp.
 19298 | Lair:4   | Received a gift from Okawaru
 20314 | Lair:5   | Found a staircase to the Slime Pits.
 20316 | Lair:5   | Found a viscous altar of Jiyva.
 20788 | Lair:6   | Entered Level 6 of the Lair of Beasts
 21094 | Lair:6   | Received a gift from Okawaru
 21155 | Lair:6   | Reached skill level 19 in Shields
 21283 | Lair:6   | Reached XP level 16. HP: 90/101 MP: 14/14
 21950 | Elf:1    | Entered Level 1 of the Elven Halls
 21978 | Elf:1    | Found a radiant altar of Vehumet.
 22058 | Elf:1    | Noticed Donald
 22100 | Elf:1    | Received a gift from Okawaru
 22261 | Elf:1    | Killed Donald
 22422 | Elf:1    | Got a pair of distressingly furry gloves
 22433 | Elf:1    | Identified the +2 pair of gloves "Guyfiant" {*Corrode rF+ Dex+4} (You found it on level 1 of the Elven Halls)
 22502 | Elf:1    | Identified the Collected Works on Unholy Arts
 22647 | Elf:1    | Cast into level 3 of the Abyss (flail of distortion)
 22688 | Abyss:3  | Noticed a hellephant
 22787 | Abyss:3  | Gained mutation: You are dopey. (Int -2) [a neqoxec]
 23041 | Abyss:3  | Noticed a hellephant
 23058 | Abyss:3  | Noticed a hellephant
 23082 | Abyss:3  | Noticed an ancient lich
 23083 | Abyss:3  | Received a gift from Okawaru
 23095 | Abyss:3  | Paralysed by an ancient lich for 6 turns
 23097 | Abyss:3  | HP: 2/103 [large abomination (11)]
 23097 | Abyss:3  | Slain by a small abomination

Vault maps used:
D:1:      lightli_arrival_isolated_outpost, minmay_lizard_king
D:2:      serial_bayou, serial_bayou_lagoon_a, serial_bayou_ford_a,
          serial_bayou_lake_a, serial_bayou_pond_a, first_bread
D:3:      minitemple
D:4:      serial_shops, shop, kennysheep_decorative_pillar, uniq_pikel,
          uniq_menkaure
D:5:      kennysheep_slugbush, minmay_temple_entry_glass, serial_shops,
          nicolae_shop_crystal
D:6:      basic_altar, nrook_loot_triangle, uniq_duvessa
D:7:      kennysheep_mini, fiery_altar_vehumet,
          chequers_temple_overflow_statue_of_worship
D:8:      serial_shops, kennysheep_little_box, grunt_livestock
D:9:      nicolae_dithmenos_through_a_glass_darkly, minmay_lair_entry_grove
D:10:     orc_0_dummy, serial_shops, nicolae_shop_behind_doors, shop, uniq_sonja
D:11:     basic_altar, serial_shops, nicolae_shop_behind_doors,
          kennysheep_generic_room_10
D:12:     serial_shops, nicolae_shop_statue_plus, kennysheep_generic_room_13,
          uniq_gastronok
D:13:     grunt_ministairs_9, uniq_erolcha, uniq_josephine
D:14:     david_vaults_1, nrook_pool_corridor, uniq_snorg, uniq_frances
D:15:     grunt_enter_depths_giant_problem, serial_glass, glass_columns_a,
          glass_columns_b
Temple:   dshaligram_water_room_temple
Lair:1:   minivault_23
Lair:2:   nicolae_spider_entry_non_spiders, serial_bayou_pond_d,
          minmay_lair_oklob_chamber
Lair:4:   minmay_swamp_entry_reptiles, hibernation_bobbens, grunt_megastairs_5
Lair:5:   slime_altar_1, minivault_25
Lair:6:   gammafunk_lair_ancient_temple
Spider:1: spider_trap, uniq_louise
Orc:1:    nicolae_orc_accident_2, basic_altar, mines2_david
Orc:2:    pf_orc_diabolical, serial_shops, nicolae_shop_stone
Elf:1:    eino_elf_arrival_altar, minmay_elf_necromancy, uniq_donald
Abyss:3:  evilmike_abyss_exit_7, evilmike_abyss_rune_elephants_shrine,
          minivault_1

Skill      XL: |  1  2  3  4  5  6  7  8  9 10 11 12 13 14 15 16 |
---------------+-------------------------------------------------+-----
Maces & Flails | 3 4 5 7 8 9 10 12 13 14 | 14.2
Dodging        | 1 2 4 5 6 7 |  7.1
Shields        | 4 5 6 8 9 11 13 15 17 19 | 19.8
Armour         | 4 6 7 8 9 10 | 10.2
Fighting       | 4 5 6 7 8 10 11 12 | 12.5
Stealth        | 1 2 3 4 |  4.0
Invocations    | |  0.2
Evocations     | |  0.6

Action                   |  1- 3 |  4- 6 |  7- 9 | 10-12 | 13-15 | 16-18 || total
-------------------------+-------+-------+-------+-------+-------+-------++-------
Melee: Flail             |   189 |   243 |       |       |       |       ||   432
       Whip              |       |       |   465 |   761 |  1848 |   453 ||  3527
Invok: Heroism           |       |       |       |       |     1 |       ||     1
 Abil: Fly               |       |       |       |       |     1 |       ||     1
Evoke: Wand              |       |       |       |       |     4 |     5 ||     9
  Use: Scroll            |       |     4 |     6 |     4 |     7 |     1 ||    22
       Potion            |       |       |     8 |       |     7 |     1 ||    16
 Stab: Sleeping          |       |       |       |     6 |     7 |     1 ||    14
       Distracted        |       |       |       |       |     4 |     1 ||     5
  Eat: Chunk             |       |     5 |    10 |    13 |    33 |     4 ||    65
       Fruit             |       |       |     1 |       |       |       ||     1
       Royal jelly       |       |       |     1 |     2 |       |     1 ||     4
Armor: Scale mail        |   109 |   161 |    73 |       |       |       ||   343
       Ice dragon scales |       |       |   141 |    55 |       |       ||   196
       Ring mail         |       |       |       |   154 |   332 |    51 ||   537
Dodge: Dodged            |    80 |    95 |   142 |   158 |   526 |    86 ||  1087
Block: Shield            |   121 |   154 |   247 |    65 |       |       ||   587
       Large shield      |       |       |       |   468 |  1779 |   341 ||  2588
       Reflection        |       |       |       |     2 |    35 |     8 ||    45
